 Dungeon Sprint DCSS version 0.17-a0-1850-g688e747 (webtiles) character file.

32182 Kidiri the Tortoise (level 13, 0/126 HPs)
             Began as a Minotaur Fighter on Sept 19, 2015.
             Was a High Priest of Trog.
             Slain by a balrug
             ... wielding a +1 demon whip of electrocution
              (16 damage)
             ... in the Dungeon (Sprint VII: "The Pits").
             The game lasted 00:25:44 (5180 turns).

Kidiri the Tortoise (Minotaur Fighter)              Turns: 5180, Time: 00:25:45

Health: 0/126      AC: 23    Str: 28    XL:     13   Next: 30%
Magic:  0/12       EV: 15    Int:  5    God:    Trog [*****.]
Gold:   60         SH: 16    Dex: 11    Spells: 0 memorised, 12 levels left

rFire  . . .     SeeInvis .     M - +0 eveningstar (crush)
rCold  . . .     Clarity  .     H - +4 chain mail
rNeg   . . .     SustAt   .     c - +0 shield
rPois  +         Gourm    .     (helmet restricted)
rElec  .         Spirit   +     L - +0 cloak
rCorr  .         Warding  .     I - +0 pair of gloves
rMut   .         NoTele   +     (no boots)
MR     ++...                    O - amulet of guardian spirit
Stlth  ..........               v - +3 ring of strength
                                y - ring of poison resistance

@: regenerating, very resistant to hostile enchantments, extremely unstealthy
A: retaliatory headbutt, hooves 1, horns 2, spit poison 1
a: Spit Poison, Burn Spellbooks, Berserk, Trog's Hand, Brothers in Arms,
Renounce Religion


You were in the Dungeon.
You worshipped Trog.
Trog was extremely pleased with you.
You were very hungry.

You visited 1 branch You collected 60 gold pieces.

Inventory:

Hand weapons
 M - a +0 eveningstar of crushing (weapon)
Armour
 c - a +0 shield (worn)
 H - a +4 chain mail (worn)
 I - a +0 pair of gloves (worn)
 L - a +0 cloak (worn)
Jewellery
 v - a +3 ring of strength (right hand)
 y - a ring of poison resistance (left hand)
 O - an amulet of guardian spirit (around neck)
Magical devices
 l - a wand of random effects (9)
 t - a wand of teleportation (3)
 F - a wand of hasting (3)
Scrolls
 k - 4 scrolls of blinking
 r - a scroll of summoning
 s - a scroll of brand weapon
 A - 3 scrolls of recharging
 B - a scroll of fog
 C - 2 scrolls of enchant armour
 J - 2 scrolls of vulnerability
Potions
 a - 5 potions of heal wounds
 d - 3 potions of might
 f - 8 potions of curing
 h - 2 potions of haste
 i - 4 potions of magic
 j - 7 potions of berserk rage
 o - 2 potions of invisibility
 w - 4 potions of brilliance
 x - 2 potions of agility
 G - a potion of lignification {unknown}
Comestibles
 e - 5 bread rations
 m - 40 fruits
 n - 10 meat rations
 N - 12 royal jellies


   Skills:
 + Level 15.1 Fighting
 * Level 20.2 Maces & Flails
 * Level 20.3 Armour
 + Level 13.8 Dodging
 * Level 20.3 Shields


You had 12 spell levels left.
You didn't know any spells.

Dungeon Overview and Level Annotations

Branches:
Dungeon (1/1)

Altars:
Ashenzari
Cheibriados
Dithmenos
Elyvilon
Fedhas
Gozag
Kikubaaqudgha
Makhleb
Nemelex Xobeh
Okawaru
Qazlal
Ru
Sif Muna
Trog
Vehumet
Xom
Yredelemnul
Zin
The Shining One
Beogh
Jiyva
Lugonu


Innate Abilities, Weirdness & Mutations

You reflexively headbutt those who attack you in melee.
You have a pair of horns on your head.
You have large cloven feet.
You can spit weak poison.


Message History

The greater naga hits you but does no damage.
Your stone giant barely misses the orc knight.
Unknown command.
You closely miss the balrug. You kick the balrug, but do no damage.
The balrug is heavily wounded.
The balrug hits you with a demon whip of electrocution!
You are engulfed in flames!!
* * * LOW HITPOINT WARNING * * *
The naga warrior hits your stone giant with a halberd!!
Your stone giant dies!
Your stone giant's corpse disappears in a puff of smoke!
You block the greater naga's attack.
Drink which item? (? for menu, Esc to quit)
You feel much better.
The balrug hits you with a demon whip of electrocution!
* * * LOW HITPOINT WARNING * * *
You are engulfed in flames!!
* * * LOW HITPOINT WARNING * * *
You are electrocuted!
You die...

...+ #++#
#++##############################
#................................
#................................
#..##############')##############
#..# #(.((†.# # #..# #.).)..# #
#..# #.@))..# # #..# ###2§### #
#..# .oNN.. # #..# ..o...... #
#..# ##....#### # ...# #....# #
...# ##..## # #### #### #
###############


You could see a naga warrior, a greater naga, a balrug and 2 orc knights.

Vanquished Creatures
  An emperor scorpion (D)
  2 orc warlords (D)
  A black draconian (D)
  A deep elf death mage (D)
  A fire dragon (D)
  A hydra (D)
  Erolcha (D)
  An alligator snapping turtle (D)
  An orc high priest (D)
  Nergalle (D)
  An unseen horror (D)
  2 sea snakes (D)
  A deep troll (D)
  A phantasmal warrior (D)
  An orc knight (D)
  2 ugly things (D)
  A wolf spider (D)
  Maurice (D)
  An orange demon (D)
  Joseph (D)
  A black mamba (D)
  A gargoyle (D)
  Psyche (D)
  A molten gargoyle (D)
  3 demonic crawlers (D)
  A freezing wraith (D)
  A red devil (D)
  A yaktaur (D)
  A troll (D)
  2 jumping spiders (D)
  A polar bear (D)
  A merfolk (D)
  A giant leech (D)
  2 boulder beetles (D)
  5 redbacks (D)
  A shadow (D)
  A water elemental (D)
  A trapdoor spider (D)
  A tarantella (D)
  A wolf (D)
  A porcupine (D)
  An ice beast (D)
  An ogre (D)
  4 orc warriors (D)
  A water moccasin (D)
  A brain worm (D)
  A big kobold (D)
  2 centaurs (D)
  5 wights (D)
  5 orc priests (D)
  An iron imp (D)
  A hound (D)
  An orc wizard (D)
  An iguana (D)
  A hell rat (D)
  4 sheep (D)
  4 gnolls (D)
  A river rat (D)
  2 ufetubi (D)
  3 oozes (D)
  A worm (D)
  An adder skeleton (D)
  A giant gecko (D)
  6 orcs (D)
  A hobgoblin (D)
  A ball python (D)
  A bat (D)
  A giant gecko skeleton (D)
  A giant newt (D)
  A kobold (D)
107 creatures vanquished.

Vanquished Creatures (collateral kills)
  A deep elf blademaster (D)
  An orc warlord (D)
  An emperor scorpion (D)
  A vampire knight (D)
  A vault guard (D)
  A great orb of eyes (D)
  A rakshasa (D)
  Erica (D)
  An alligator snapping turtle (D)
  3 death yaks (D)
  A sun demon (D)
  Sonja (D)
  An ice devil (D)
  A sea snake (D)
  7 orc knights (D)
  A wizard (D)
  A wolf spider (D)
  A rust devil (D)
  An elephant (D)
  2 yaktaurs (D)
  A komodo dragon (D)
  2 two-headed ogres (D)
  A tarantella (D)
  A redback (D)
  A wyvern (D)
  A neqoxec (D)
  An orc warrior (D)
  An eye of draining (D)
  A gnoll sergeant (D)
  A jelly (D)
  A hound (D)
  An orc wizard (D)
  2 sheep (D)
  An orc (D)
  A giant cockroach (D)
46 creatures vanquished.

Vanquished Creatures (others)
  A sheep (D)
1 creature vanquished.

Grand Total: 154 creatures vanquished

Notes
Turn   | Place    | Note
--------------------------------------------------------------
     0 | D        | Kidiri the Minotaur Fighter began the quest for the Orb.
     0 | D        | Reached XP level 1. HP: 19/19 MP: 0/0
    56 | D        | Found a sacrificial altar of Ru.
    56 | D        | Found a basalt altar of Yredelemnul.
    56 | D        | Found a shadowy altar of Dithmenos.
    56 | D        | Found a deep blue altar of Sif Muna.
    56 | D        | Found a burning altar of Makhleb.
    56 | D        | Found a shimmering altar of Xom.
    56 | D        | Found an ancient bone altar of Kikubaaqudgha.
    56 | D        | Found a sparkling altar of Nemelex Xobeh.
    57 | D        | Found a glowing golden altar of the Shining One.
    57 | D        | Found a bloodstained altar of Trog.
    57 | D        | Found a shattered altar of Ashenzari.
    57 | D        | Found a white marble altar of Elyvilon.
    57 | D        | Found a snail-covered altar of Cheibriados.
    57 | D        | Found a blossoming altar of Fedhas.
    57 | D        | Found a radiant altar of Vehumet.
    57 | D        | Found a glowing silver altar of Zin.
    57 | D        | Found a corrupted altar of Lugonu.
    57 | D        | Found a viscous altar of Jiyva.
    57 | D        | Found a roughly hewn altar of Beogh.
    57 | D        | Found an iron altar of Okawaru.
    61 | D        | Became a worshipper of Trog the Wrathful
    64 | D        | Found a stormy altar of Qazlal.
    64 | D        | Found an opulent altar of Gozag.
    82 | D        | Reached skill level 4 in Fighting
    82 | D        | Reached skill level 1 in Dodging
   181 | D        | Acquired Trog's first power
   181 | D        | Reached XP level 2. HP: 27/27 MP: 1/1
   197 | D        | Noticed a wolf
   197 | D        | Noticed a brain worm
   205 | D        | Killed a wolf
   205 | D        | Acquired Trog's second power
   205 | D        | Reached skill level 5 in Fighting
   205 | D        | Reached skill level 6 in Maces & Flails
   205 | D        | Reached skill level 7 in Armour
   205 | D        | Reached XP level 3. HP: 28/36 MP: 2/2
   205 | D        | Reached XP level 4. HP: 32/42 MP: 3/3
   205 | D        | Reached XP level 5. HP: 36/48 MP: 4/4
   209 | D        | Killed a brain worm
   338 | D        | Noticed a wight
   338 | D        | Noticed a wight
   338 | D        | Noticed a wight
   338 | D        | Noticed a wight
   351 | D        | Killed a wight
   351 | D        | Reached skill level 8 in Armour
   354 | D        | Reached XP level 6. HP: 54/57 MP: 5/5
   363 | D        | Killed a wight
   368 | D        | Killed a wight
   368 | D        | Reached skill level 9 in Armour
   368 | D        | Reached skill level 5 in Dodging
   373 | D        | Killed a wight
   455 | D        | Noticed a wight
   456 | D        | Noticed an orc warrior
   475 | D        | Killed a wight
   483 | D        | Killed an orc warrior
   483 | D        | Reached XP level 7. HP: 52/66 MP: 6/6
   495 | D        | Acquired Trog's third power
   771 | D        | Noticed a molten gargoyle
   780 | D        | Killed a molten gargoyle
   780 | D        | Reached skill level 10 in Maces & Flails
   780 | D        | Reached skill level 10 in Armour
   780 | D        | Reached skill level 10 in Shields
   954 | D        | Noticed an iron imp
   954 | D        | Noticed a porcupine
   963 | D        | Killed a porcupine
   966 | D        | Killed an iron imp
   966 | D        | Reached skill level 11 in Armour
  1011 | D        | Noticed an iguana
  1011 | D        | Noticed a big kobold
  1011 | D        | Noticed a demonic crawler
  1019 | D        | Killed an iguana
  1026 | D        | Killed a demonic crawler
  1026 | D        | Reached XP level 8. HP: 75/75 MP: 7/7
  1029 | D        | Killed a big kobold
  1342 | D        | Noticed a hound
  1342 | D        | Noticed a centaur
  1343 | D        | Noticed Sonja
  1344 | D        | Noticed a redback
  1346 | D        | Killed a hound
  1347 | D        | Killed a centaur
  1349 | D        | Killed a redback
  1360 | D        | Killed Sonja
  1360 | D        | Received a gift from Trog
  1360 | D        | Reached skill level 12 in Maces & Flails
  1361 | D        | Noticed a sea snake
  1369 | D        | Killed a sea snake
  1369 | D        | Reached XP level 9. HP: 28/84 MP: 8/8
  1579 | D        | Noticed a merfolk
  1593 | D        | Killed a merfolk
  1771 | D        | Noticed a freezing wraith
  1777 | D        | Killed a freezing wraith
  1777 | D        | Reached skill level 13 in Maces & Flails
  1809 | D        | Noticed Maurice
  1809 | D        | Noticed an orc priest
  1809 | D        | Noticed an orc priest
  1809 | D        | Noticed an orc priest
  1810 | D        | Killed an orc priest
  1812 | D        | Killed an orc priest
  1817 | D        | Killed an orc priest
  1832 | D        | Killed Maurice
  1832 | D        | Reached skill level 10 in Fighting
  1946 | D        | Noticed a green ugly thing
  1946 | D        | Noticed an ice beast
  1946 | D        | Noticed a deep troll
  1952 | D        | Killed a deep troll
  1957 | D        | Killed a green ugly thing
  1957 | D        | Reached skill level 14 in Armour
  1957 | D        | Reached XP level 10. HP: 29/94 MP: 9/9
  1959 | D        | Killed an ice beast
  1959 | D        | Received a gift from Trog
  2328 | D        | Noticed a phantasmal warrior
  2328 | D        | Noticed a polar bear
  2335 | D        | Killed a phantasmal warrior
  2339 | D        | Killed a polar bear
  2533 | D        | Noticed a shadow
  2533 | D        | Noticed an orange demon
  2538 | D        | Killed a shadow
  2548 | D        | Killed an orange demon
  2737 | D        | Noticed Erolcha
  2737 | D        | Noticed a red devil
  2745 | D        | Killed Erolcha
  2745 | D        | Reached skill level 15 in Armour
  2751 | D        | Killed a red devil
  2751 | D        | Reached skill level 15 in Shields
  2781 | D        | Noticed a troll
  2781 | D        | Noticed a boulder beetle
  2790 | D        | Killed a boulder beetle
  2790 | D        | Received a gift from Trog
  2790 | D        | Reached skill level 15 in Maces & Flails
  2795 | D        | Killed a troll
  2795 | D        | Reached skill level 10 in Dodging
  2830 | D        | Noticed a wolf spider
  2831 | D        | Noticed Erica
  2831 | D        | Noticed an alligator snapping turtle
  2839 | D        | Killed Erica
  2841 | D        | Killed a wolf spider
  2848 | D        | Killed an alligator snapping turtle
  3074 | D        | Noticed a gnoll sergeant
  3074 | D        | Noticed an orc wizard
  3074 | D        | Noticed an elephant
  3075 | D        | Noticed a sun demon
  3076 | D        | Noticed an orc high priest
  3076 | D        | Noticed an orc priest
  3076 | D        | Noticed an orc warrior
  3076 | D        | Noticed a tarantella
  3077 | D        | Noticed a two-headed ogre
  3078 | D        | Received a gift from Trog
  3086 | D        | Killed a sun demon
  3086 | D        | Reached XP level 11. HP: 84/104 MP: 10/10
  3087 | D        | Killed an elephant
  3088 | D        | Killed a tarantella
  3091 | D        | Noticed a soul eater
  3093 | D        | Killed a soul eater
  3096 | D        | Killed a two-headed ogre
  3098 | D        | Killed a gnoll sergeant
  3101 | D        | Noticed a boulder beetle
  3107 | D        | Killed an orc high priest
  3107 | D        | Reached skill level 16 in Armour
  3110 | D        | Killed an orc priest
  3110 | D        | Received a gift from Trog
  3113 | D        | Killed an orc warrior
  3115 | D        | Killed an orc wizard
  3127 | D        | Killed a boulder beetle
  3135 | D        | Noticed a sea snake
  3142 | D        | Killed a sea snake
  3187 | D        | Noticed an orc warrior
  3187 | D        | Noticed a tarantella
  3191 | D        | Killed a tarantella
  3195 | D        | Killed an orc warrior
  3238 | D        | Received a gift from Trog
  3666 | D        | Noticed a sea snake
  3666 | D        | Noticed Psyche
  3669 | D        | Noticed a hound
  3678 | D        | Killed a sea snake
  3679 | D        | Killed a hound
  3679 | D        | Received a gift from Trog
  3682 | D        | Killed Psyche
  3717 | D        | Noticed a hell rat
  3717 | D        | Noticed an alligator snapping turtle
  3737 | D        | Killed an alligator snapping turtle
  3740 | D        | Killed a hell rat
  3905 | D        | Noticed Joseph
  3905 | D        | Noticed a redback
  3906 | D        | Noticed a redback
  3906 | D        | Noticed a redback
  3907 | D        | Noticed a jumping spider
  3912 | D        | Killed a redback
  3914 | D        | Killed a redback
  3919 | D        | Killed a redback
  3919 | D        | Received a gift from Trog
  3926 | D        | Killed Joseph
  3928 | D        | Killed a jumping spider
  3928 | D        | Reached skill level 17 in Armour
  3948 | D        | Noticed a redback
  3948 | D        | Noticed a jumping spider
  3955 | D        | Killed a jumping spider
  3956 | D        | Killed a redback
  3998 | D        | Noticed a four-headed hydra
  4000 | D        | Noticed a water moccasin
  4007 | D        | Killed a four-headed hydra
  4007 | D        | Killed a water moccasin
  4022 | D        | Noticed a neqoxec
  4023 | D        | Noticed a wyvern
  4025 | D        | Killed an unseen horror
  4025 | D        | Gained mutation: You can spit weak poison. [a neqoxec]
  4029 | D        | Killed a wyvern
  4031 | D        | Killed a neqoxec
  4031 | D        | Received a gift from Trog
  4284 | D        | Noticed a wizard
  4284 | D        | Noticed a komodo dragon
  4284 | D        | Noticed a vampire knight
  4284 | D        | Noticed a rust devil
  4284 | D        | Noticed a deep elf blademaster
  4284 | D        | Noticed an orc priest
  4284 | D        | Noticed a two-headed ogre
  4284 | D        | Noticed a gargoyle
  4284 | D        | Noticed a demonic crawler
  4286 | D        | Killed a wizard
  4287 | D        | Noticed an orc warrior
  4288 | D        | Noticed an orc warlord
  4288 | D        | Noticed a jelly
  4288 | D        | Killed a komodo dragon
  4289 | D        | Killed a vampire knight
  4290 | D        | Noticed an ice devil
  4291 | D        | Noticed a centaur
  4292 | D        | Noticed a rakshasa
  4293 | D        | Noticed a great orb of eyes
  4294 | D        | Noticed Nergalle
  4294 | D        | Killed a rust devil
  4296 | D        | Noticed an emperor scorpion
  4300 | D        | Killed a deep elf blademaster
  4300 | D        | Reached skill level 18 in Armour
  4300 | D        | Reached XP level 12. HP: 103/115 MP: 11/11
  4308 | D        | Killed an emperor scorpion
  4311 | D        | Killed an ice devil
  4311 | D        | Received a gift from Trog
  4314 | D        | Noticed an eye of draining
  4314 | D        | Killed a rakshasa
  4315 | D        | Killed a jelly
  4359 | D        | Killed an orc warlord
  4360 | D        | Killed Nergalle
  4360 | D        | Received a gift from Trog
  4362 | D        | Noticed an emperor scorpion
  4362 | D        | Killed a great orb of eyes
  4363 | D        | Killed a two-headed ogre
  4363 | D        | Received a gift from Trog
  4365 | D        | Killed a centaur
  4366 | D        | Noticed a giant leech
  4366 | D        | Killed an eye of draining
  4367 | D        | Got a pitted hand axe {god gift}
  4367 | D        | Killed an orc wizard
  4367 | D        | Received a gift from Trog
  4369 | D        | Noticed an orc warrior
  4369 | D        | Noticed a redback
  4371 | D        | Killed an orc warrior
  4373 | D        | Noticed an ogre
  4375 | D        | Killed a giant leech
  4382 | D        | Killed a gargoyle
  4387 | D        | Killed a demonic crawler
  4398 | D        | Killed an orc warrior
  4399 | D        | Killed an ogre
  4407 | D        | Received a gift from Trog
  4412 | D        | Killed a redback
  4413 | D        | Killed an orc priest
  4431 | D        | Killed an emperor scorpion
  4431 | D        | Reached skill level 19 in Armour
  4461 | D        | Noticed a trapdoor spider
  4468 | D        | Killed a trapdoor spider
  4518 | D        | Identified the +10 hand axe of the Valley of Death {freeze, +Fly rC+ rN+ Str+2} (Trog gifted it to you in the Dungeon)
  4543 | D        | Gained mutation: You have large cloven feet. [potion of beneficial mutation]
  4589 | D        | Got the +2 scale mail of Ikhosuon {MR+}
  4829 | D        | Noticed a wolf spider
  4829 | D        | Noticed a black draconian
  4829 | D        | Noticed a deep elf death mage
  4829 | D        | Noticed a fire dragon
  4829 | D        | Noticed a green ugly thing
  4829 | D        | Noticed a water elemental
  4829 | D        | Noticed a black mamba
  4834 | D        | Killed a wolf spider
  4839 | D        | Killed a deep elf death mage
  4841 | D        | Killed a black mamba
  4841 | D        | Received a gift from Trog
  4846 | D        | Killed a green ugly thing
  4848 | D        | Killed a fire dragon
  4853 | D        | Killed a water elemental
  4864 | D        | Killed a black draconian
  5127 | D        | Noticed a death yak
  5127 | D        | Noticed a death yak
  5127 | D        | Noticed a death yak
  5127 | D        | Noticed a demonic crawler
  5128 | D        | Noticed an orc knight
  5128 | D        | Noticed an orc knight
  5128 | D        | Noticed an orc knight
  5128 | D        | Noticed an orc knight
  5135 | D        | Killed a demonic crawler
  5135 | D        | Reached XP level 13. HP: 123/125 MP: 10/12
  5135 | D        | Killed a death yak
  5137 | D        | Killed a death yak
  5141 | D        | Killed an orc knight
  5141 | D        | Received a gift from Trog
  5142 | D        | Killed a death yak
  5143 | D        | Noticed an orc knight
  5143 | D        | Noticed an orc warlord
  5143 | D        | Noticed an orc warlord
  5143 | D        | Noticed an orc knight
  5143 | D        | Killed an orc knight
  5145 | D        | Noticed an orc knight
  5145 | D        | Killed an orc knight
  5146 | D        | Noticed an orc knight
  5148 | D        | Noticed an orc knight
  5149 | D        | Killed an orc knight
  5152 | D        | Killed an orc warlord
  5152 | D        | Received a gift from Trog
  5152 | D        | Reached skill level 20 in Armour
  5154 | D        | Killed an orc warlord
  5158 | D        | Noticed a vault guard
  5158 | D        | Noticed a yaktaur
  5160 | D        | Noticed a yaktaur
  5162 | D        | Noticed a greater naga
  5162 | D        | Noticed a yaktaur
  5163 | D        | Killed an orc knight
  5164 | D        | Noticed a naga warrior
  5164 | D        | Killed an orc knight
  5166 | D        | Noticed a deep elf knight
  5166 | D        | Killed an orc knight
  5166 | D        | Reached skill level 15 in Fighting
  5168 | D        | Noticed an orc knight
  5168 | D        | Killed a vault guard
  5170 | D        | Killed an orc knight
  5170 | D        | Killed a yaktaur
  5170 | D        | Received a gift from Trog
  5171 | D        | Noticed a yaktaur
  5171 | D        | Killed a yaktaur
  5173 | D        | Killed a yaktaur
  5175 | D        | Noticed a balrug
  5180 | D        | Slain by a balrug

Vault maps used:
D:        pitsprint

Action                   |  1- 3 |  4- 6 |  7- 9 | 10-12 | 13-15 || total
-------------------------+-------+-------+-------+-------+-------++-------
Melee: Mace              |    21 |    50 |    47 |       |       ||   118
       Flail             |     4 |       |       |       |       ||     4
       Morningstar       |       |       |    47 |     2 |       ||    49
       Eveningstar       |       |       |       |   328 |    35 ||   363
Invok: Trog's Hand       |       |     2 |     2 |    13 |     1 ||    18
       Brothers in Arms  |       |       |     2 |     8 |     2 ||    12
       Berserk           |       |       |     2 |       |       ||     2
       Burn Spellbooks   |       |       |       |     2 |       ||     2
  Use: Potion            |     1 |       |     1 |     2 |     3 ||     7
 Stab: Distracted        |       |       |       |     3 |     1 ||     4
  Eat: Chunk             |       |       |     5 |     1 |       ||     6
       Bread ration      |       |       |     1 |     2 |       ||     3
